 Dungeon Crawl Stone Soup version 0.23.1-37-gaa34b87b72 (webtiles) character file.

Game seed: 119891485501227207

991 Peloso the Slasher (level 7, -2/63 HPs)
             Began as a Minotaur Fighter on Mar 24, 2019.
             Slain by a troll (13 damage)
             ... on level 5 of the Dungeon.
             The game lasted 00:07:29 (3974 turns).

Peloso the Slasher (Minotaur Fighter)               Turns: 3974, Time: 00:07:30

Health: -2/63      AC: 12    Str: 26    XL:     7   Next: 98%
Magic:  6/6        EV:  7    Int:  5    God:
Gold:   100        SH: 11    Dex: 11    Spells: 6/6 levels left

rFire    + . .     SeeInvis .   a - +0 long sword
rCold    x . .     Gourm    .   c - +0 shield (curse)
rNeg     . . .     Faith    .   p - +0 plate armour
rPois    .         Spirit   .   (helmet restricted)
rElec    .         Reflect  .   (no cloak)
rCorr    .         Harm     .   (no gloves)
MR       .....                  (no boots)
Stlth    ..........             (no amulet)
HPRegen  0.20/turn              q - ring of fire
MPRegen  0.10/turn              r - +1 ring of evasion

@: mighty
A: retaliatory headbutt, horns 2
a: no special abilities


You were on level 5 of the Dungeon.
You were not hungry.

You visited 2 branches of the dungeon, and saw 6 of its levels.

You collected 256 gold pieces.
You spent 156 gold pieces at shops.

Inventory:

Hand Weapons
 a - a +0 long sword (weapon)
Armour
 b - a +0 scale mail
 c - a cursed +0 shield (worn)
 p - a +0 plate armour (worn)
Jewellery
 q - a ring of fire (left hand)
 r - a +1 ring of evasion (right hand)
 t - an uncursed ring of fire
 z - a +2 ring of evasion
Wands
 y - a wand of polymorph (8)
 A - a wand of clouds (4)
Scrolls
 e - 4 scrolls of noise
 g - a scroll of fog {unknown}
 h - 5 scrolls of amnesia
 i - 4 scrolls of teleportation
 j - 7 scrolls of identify
 m - 2 scrolls of enchant weapon {unknown}
 n - 2 scrolls of fear
 s - a scroll of magic mapping {unknown}
 v - a scroll of immolation {unknown}
 x - 2 scrolls of remove curse {unknown}
Potions
 k - a potion of haste {unknown}
 l - a potion of magic {unknown}
 o - 2 potions of mutation {unknown}
 u - a potion of agility {unknown}
 w - a potion of berserk rage {unknown}
 B - a potion of heal wounds {unknown}
Comestibles
 f - 14 rations


   Skills:
 + Level 6.0 Fighting
 + Level 7.2 Long Blades
 + Level 5.1 Armour
 + Level 1.6 Dodging
 + Level 6.8 Shields


You had 6 spell levels left.
You didn't know any spells.
Your spell library contained the following spells:

 Spells                   Type           Power        Failure   Level  Hunger
 Magic Dart               Conj           #...         100%        1    ##.....
 Blink                    Tloc           N/A          100%        2    ###....
 Call Imp                 Summ           #.......     100%        2    ###....
 Slow                     Hex            #.......     100%        2    ###....
 Conjure Flame            Conj/Fire      #.......     100%        3    ####...
 Mephitic Cloud           Conj/Pois/Air  #.......     100%        3    ####...


Dungeon Overview and Level Annotations

Branches:
Dungeon (5/15)             Temple (1/1) D:4

Altars:
Ashenzari
Dithmenos
Elyvilon
Fedhas
Hepliaklqana
Kikubaaqudgha
Makhleb
Nemelex Xobeh
Sif Muna
Trog
Uskayaw
Vehumet
Wu Jian
Xom
Lugonu

Shops:
D:4 ?

Annotations:
D:4 1 runed translucent door, H0rd4k's ghost, amateur DEWz
D:5 2 transporters, SharpKris's ghost, novice GnAM


Innate Abilities, Weirdness & Mutations

You reflexively headbutt those who attack you in melee.
You have a pair of horns on your head.


Message History

The troll bites you. The troll claws you. x2
You hit the troll. You headbutt the troll.
The troll is moderately wounded.
The troll bites you but does no damage. The troll claws you!
The troll claws you.
You closely miss the troll.
The troll is moderately wounded.
The troll bites you but does no damage. The troll closely misses you.
The troll claws you.
You closely miss the troll. Your headbutt misses the troll.
The troll is moderately wounded.
You block the troll's attack.
The troll claws you but does no damage. x2
You hit the troll. Your headbutt misses the troll.
The troll is heavily wounded.
The troll bites you!
* * * LOW HITPOINT WARNING * * *
The troll claws you but does no damage. x2
You feel very mighty all of a sudden. The troll bites you!
You die...

##..###..#.........
...# ###........#...
...# #..#..........
..### ##.#####......#
. .#..####.##
##.##...## #....
###..##..# #..# ...#
#.... #.....## ##..
#..####...# #
##.....## #..T##
#....<...## #
##........#
#.@###.........# ##
#.......##...
#..#...#†#####.###.
.......##
#.###...###..## #.....
.......#
#.....####....####.###
###...## #...##..
#..#..##.## # ###.#
... ##( #..###....# #
## . #.#.. ##.#.# #
#..# #.###.# ##. #.#
#.#


You could see a troll.

Vanquished Creatures
  Menkaure (D:4)
  Duvessa (D:4)
  Dowan (D:4)
  2 scorpions (D:5)
  3 jellies (D:2)
  2 orc priests (D:5)
  A hound (D:4)
  2 iguanas (D:4)
  4 worker ants
  A hound zombie (D:5)
  3 gnolls (D:5)
  A howler monkey skeleton (D:5)
  8 adders
  11 oozes
  An adder zombie (D:5)
  An adder skeleton (D:5)
  2 worms
  2 dart slugs
  3 leopard geckos
  9 orcs
  2 ball pythons
  7 giant cockroaches
  4 goblins
  7 hobgoblins
  2 jackals (D:5)
  14 kobolds
  3 quokkas
  11 bats
  6 frilled lizards
  8 rats
123 creatures vanquished.

Vanquished Creatures (others)
  3 fungi (D:2)
  7 toadstools (D:2)
10 creatures vanquished.

Grand Total: 133 creatures vanquished

Notes
Turn   | Place    | Note
-------+----------+-------------------------------------------
     0 | D:1      | Peloso the Minotaur Fighter began the quest for the Orb.
     0 | D:1      | Reached XP level 1. HP: 19/19 MP: 0/0
   197 | D:1      | Reached XP level 2. HP: 27/27 MP: 1/1
   444 | D:2      | Reached XP level 3. HP: 33/33 MP: 2/2
   604 | D:2      | Reached skill level 3 in Long Blades
   912 | D:3      | Found a hide-covered altar of Uskayaw.
   915 | D:3      | Reached XP level 4. HP: 41/41 MP: 3/3
  1216 | D:2      | Reached XP level 5. HP: 35/47 MP: 4/4
  1233 | D:2      | Reached skill level 1 in Dodging
  1238 | D:2      | Reached skill level 4 in Long Blades
  1282 | D:2      | Reached skill level 5 in Shields
  1692 | D:3      | Found a deep blue altar of Sif Muna.
  1759 | D:3      | Found a burning altar of Makhleb.
  1759 | D:3      | Found a bloodstained altar of Trog.
  1809 | D:4      | Reached XP level 6. HP: 35/55 MP: 5/5
  2041 | D:4      | Noticed Menkaure
  2045 | D:4      | Killed Menkaure
  2045 | D:4      | Reached skill level 5 in Fighting
  2045 | D:4      | Reached skill level 5 in Long Blades
  2242 | D:4      | Found a runed translucent door.
  2242 | D:4      | Noticed H0rd4k's ghost (amateur DEWz)
  2243 | D:4      | Noticed Duvessa
  2244 | D:4      | Noticed Dowan
  2259 | D:4      | Killed Duvessa
  2259 | D:4      | Reached skill level 6 in Long Blades
  2259 | D:4      | Reached XP level 7. HP: 56/61 MP: 6/6
  2322 | D:4      | Found a staircase to the Ecumenical Temple.
  2348 | Temple   | Entered the Ecumenical Temple
  2424 | D:4      | Killed Dowan
  2435 | D:4      | Found Xonweschuwn's Magic Scroll Emporium.
  2450 | D:4      | Bought a scroll of teleportation for 36 gold pieces
  2450 | D:4      | Bought a scroll of identify for 24 gold pieces
  2450 | D:4      | Bought a scroll of fear for 42 gold pieces
  2450 | D:4      | Bought a scroll of amnesia for 42 gold pieces
  2450 | D:4      | Bought a scroll of noise for 12 gold pieces
  2660 | D:4      | Found a radiant altar of Vehumet.
  2678 | D:4      | Found an ancient bone altar of Kikubaaqudgha.
  2939 | D:5      | Entered Level 5 of the Dungeon
  3205 | D:5      | Found a transporter.
  3205 | D:5      | Noticed SharpKris's ghost (novice GnAM)
  3211 | D:5      | Identified the cursed +1 great mace of Okawaru's Favour
                  | {flame, Int+3}
  3214 | D:5      | Found a transporter.
  3244 | D:5      | Reached skill level 5 in Armour
  3339 | D:5      | Reached skill level 7 in Long Blades
  3846 | D:5      | Found a shimmering altar of Xom.
  3964 | D:5      | Noticed a troll
  3974 | D:5      | Slain by a troll

Skill      XL: |  1  2  3  4  5  6  7 |
---------------+----------------------+-----
Shields        | 4 5 6 |  6.8
Fighting       | 4 5 6 |  6.0
Armour         | 4 5 |  5.1
Long Blades    | 3 4 6 7 |  7.2
Dodging        | 1 |  1.6

Action                   |  1- 3 |  4- 6 |  7- 9 || total
-------------------------+-------+-------+-------++-------
Melee: Long sword        |    86 |   139 |   141 ||   366
       Headbutt          |    11 |    21 |    26 ||    58
  Use: Potion            |       |       |     1 ||     1
  Eat: Chunk             |       |     5 |     5 ||    10
Armor: Scale mail        |    24 |       |       ||    24
       Plate armour      |    30 |    93 |    67 ||   190
Dodge: Dodged            |    41 |    27 |    35 ||   103
Block: Shield            |    40 |    86 |    71 ||   197
       Rpst.: Long sword |    15 |    11 |     9 ||    35
